 Dungeon Crawl Stone Soup version 0.31-a0-496-g6f97920a28 (webtiles) character file.

Game seed: 16714627489428516385

107 randomguy2701 the Stinger (level 4, -3/27 HPs)
             Began as an Octopode Venom Mage on Aug 8, 2023.
             Killed by nerve-wracking pain
             ... invoked by an orc priest
              (9 damage)
             ... on level 3 of the Dungeon.
             The game lasted 00:04:45 (2768 turns).

randomguy2701 the Stinger (Octopode Venom Mage)     Turns: 2768, Time: 00:04:45

Health: -3/27      AC:  1    Str:  7    XL:     4   Next: 85%
Magic:  2/8        EV: 13    Int: 19    God:
Gold:   86         SH:  0    Dex: 12    Spells: 3/8 levels left

rFire   . . .        g - +0 orcbow
rCold   . . .        (shield currently unavailable)
rNeg    . . .        (helmet restricted)
rPois   .            (no amulet)
rElec   .            (no ring)
rCorr   .            (no ring)
SInv    .            (no ring)
Will    .....        (no ring)
Stlth   +++          (no ring)
HPRegen 0.24/turn    (no ring)
MPRegen 0.11/turn    (no ring)
                     (no ring)

%: no passive effects
@: no status effects
A: almost no armour, amphibious, 8 rings, camouflage 1, gelatinous body 1,
(nimble swimmer 1), tentacles
a: no special abilities


You were on level 3 of the Dungeon.
You visited 1 branch of the dungeon, and saw 3 of its levels.

You collected 86 gold pieces.

Inventory:

Hand Weapons
 g - a +0 orcbow (weapon)
Missiles
 k - 2 throwing nets
Jewellery
 l - a ring of wizardry
Scrolls
 d - a scroll of enchant weapon {unknown}
 e - 2 scrolls of identify {unknown}
 i - 3 scrolls of noise {unknown}
 j - a scroll of fear {unknown}
Potions
 a - a potion of magic
 b - a potion of resistance {unknown}
 c - a potion of curing {unknown}
 f - a potion of lignification {unknown}
 h - a potion of haste {unknown}
 m - a potion of might {unknown}


   Skills:
 + Level 2.3 Dodging
 + Level 3.0 Stealth
 + Level 2.8 Spellcasting
 + Level 2.3 Transmutations
 + Level 4.7 Poison Magic


You had 3 spell levels left.
You knew the following spells:

 Your Spells              Type           Power      Damage    Failure   Level
a - Sting                 Tmut/Pois      64%        1d6       3%          1
b - Olgreb's Toxic Radia  Pois           20%        N/A       22%         4

Your spell library contained the following spells:

 Spells                   Type           Power      Damage    Failure   Level
 Poisonous Vapours        Pois/Air       22%        N/A       9%          2
 Apportation              Tloc           4%         N/A       16%         1
 Necrotise                Necr           8%         1d4       16%         1
 Summon Small Mammal      Summ           8%         N/A       16%         1
 Mephitic Cloud           Conj/Pois/Air  8%         N/A       24%         3
 Inner Flame              Hex/Fire       2%         N/A       43%         3
 Vampiric Draining        Necr           2%         2d6       43%         3
 Animate Dead             Necr           2%         N/A       83%         4
 Yara's Violent Unravell  Hex/Tmut       3%         3d4       95%         5
 Agony                    Necr           2%         N/A       99%         5
 Enfeeble                 Hex            1%         N/A       100%        7
 Haunt                    Necr/Summ      1%         N/A       100%        7
 Infestation              Necr           1%         N/A       100%        8


Dungeon Overview and Level Annotations

Branches:
Dungeon (3/15)

Altars:
Sif Muna

Shops:
D:3 =


Innate Abilities, Weirdness & Mutations

You cannot wear most types of armour.
You are amphibious.
You can wear up to eight rings at the same time.
Your skin changes colour to match your surroundings (Stealth+).
Your rubbery body absorbs attacks. (AC +1, EV +1)
((You are camouflaged when in or above water. (Stealth+)))
You have tentacles for arms and can constrict up to eight enemies at once.


Message History

You shoot an arrow.
The arrow hits the orc but does no damage.
The orc is heavily wounded.
The orc priest calls upon Beogh to heal the orc.
The orc's wounds heal themselves!
You shoot an arrow. The arrow hits the orc!
You kill the orc!
You shoot an arrow. The arrow barely misses the orc.
Casting: Olgreb's Toxic Radiance (astonishingly dangerous; 22% risk of failure)
Confirm with . or Enter, or press ? or * to list all spells.
Aiming: Sting (safe; 3% risk of failure)
Press: ? - help, Shift-Dir - straight line, f - orc priest, p - orc
Aim: an orc priest, wielding a +0 flail and wearing a +0 ring mail (77% to hit)
The sting hits the orc priest.
The orc priest is poisoned.
The orc priest is lightly wounded.
Casting: Sting (safe; 3% risk of failure)
Confirm with . or Enter, or press ? or * to list all spells.
Aiming: Sting (safe; 3% risk of failure)
Press: ? - help, Shift-Dir - straight line, f/p - orc priest
Aim: an orc priest, wielding a +0 flail and wearing a +0 ring mail (lightly wounded, poisoned, 77% to hit)
The sting hits the orc priest.
The orc priest looks even sicker.
The orc priest is moderately wounded.
The orc hits you with a +0 hand axe. The orc barely misses you.
Casting: Sting (safe; 3% risk of failure)
Confirm with . or Enter, or press ? or * to list all spells.
Aiming: Sting (safe; 3% risk of failure)
Press: ? - help, Shift-Dir - straight line, f/p - orc priest
Aim: an orc priest, wielding a +0 flail and wearing a +0 ring mail (moderately wounded, very poisoned, 77% to hit)
The sting hits the orc priest.
The orc priest looks even sicker.
The orc priest is severely wounded.
The orc priest barely misses you. The orc misses you.
The orc closely misses you.
The orc priest attacks as you move away!
The orc priest hits you with a +0 flail!
The orc attacks as you move away! The orc hits you with a +0 hand axe.
The orc priest hits you with a +0 flail!
* * * LOW HITPOINT WARNING * * *
The orc priest calls down the wrath of Beogh upon you.
Pain shoots through your body!
You die...

...>......................#######
........>....................#∩#.
.........†.##..............###+##
...........##....≈≈§≈≈≈≈≈§§# ...
######..#####....≈...§..§≈.# ##
#..#####....≈.#.###.§.######
#...........≈.#...#§§.......
##...#.#.##.≈.#)_.#§§..#####
###.#.#.##@≈.#...#§≈§.....#
#.#.#....§.###.#.≈..#####
##...#.ooo≈.....§§§.......
#.o....)......§≈≈≈≈≈§≈≈..####.
#o.......)...............# #.
#o...........##...######.####.
########.##...................
#.#....................
#.#.#.#.........####.#.


You could see an orc priest (very poisoned) and 2 orcs.

Vanquished Creatures
  Jessica (D:2)
  2 adders (D:2)
  A worm (D:2)
  A dart slug (D:2)
  2 orcs (D:3)
  12 endoplasms
  2 giant cockroaches (D:2)
  4 goblins
  A hobgoblin (D:2)
  5 quokkas
  6 ball pythons
  6 bats
  5 frilled lizards
  4 kobolds
  2 rats
54 creatures vanquished.

Notes
Turn   | Place    | Note
-------+----------+-------------------------------------------
     0 | D:1      | randomguy2701 the Octopode Venom Mage began the quest for
                  | the Orb.
     0 | D:1      | Reached XP level 1. HP: 11/11 MP: 3/3
   263 | D:1      | Reached skill level 4 in Poison Magic
   327 | D:1      | Reached XP level 2. HP: 11/17 MP: 0/5
  1207 | D:2      | Reached XP level 3. HP: 21/21 MP: 3/6
  1294 | D:2      | Noticed Jessica
  1312 | D:2      | Killed Jessica
  1464 | D:2      | Reached XP level 4. HP: 21/27 MP: 0/7
  2651 | D:3      | Found Vayrixiz's Jewellery Shop.
  2687 | D:3      | Found a shimmering blue altar of Sif Muna.
  2755 | D:3      | Learned a level 4 spell: Olgreb's Toxic Radiance
  2768 | D:3      | Killed from afar by an orc priest

Illustrated notes

Levels and vault maps discovered:
D:1:      beargit_arrival_greenhouse, layout_loops_ring
D:2:      layout_basic, dk_noncrumbling_2, kennysheep_generic_room_10,
          uniq_jessica
D:3:      layout_basic, xom_teletrap_fun, mainiacjoe_overflow_brackets,
          nicolae_ru_the_path_less_chosen, serial_shops,
          nicolae_shop_tiny_glass, minmay_misc_feat_square,
          corexii_hall_statues_x, due_unseen_surprise

Skill      XL: |  1  2  3  4 |
---------------+-------------+-----
Poison Magic   | 4 |  4.7
Transmutations | 2 |  2.3
Stealth        | 3 |  3.0
Dodging        | |  2.3
Spellcasting   | |  2.8

Action                     |  1- 3 |  4- 6 || total
---------------------------+-------+-------++-------
  Melee: Unarmed           |    14 |     8 ||    22
         Constrict         |     5 |     2 ||     7
         Tentacles         |       |     2 ||     2
   Fire: Orcbow            |       |    22 ||    22
   Cast: Sting             |    67 |    41 ||   108
         Olgreb's Toxic Ra |       |     1 ||     1
 Armour: Skin              |     5 |     2 ||     7
  Dodge: Dodged            |    30 |    32 ||    62

Table legend: (Time is in decaauts)
 A = Elapsed time spent in this place.
 B = Non-inter-level travel time spent in this place.
 C = Inter-level travel time spent in this place.
 D = Time resting spent in this place.
 E = Time spent auto-exploring this place.
 F = Levels seen in this place.
 G = Mean time per level.
                   A        B        C        D        E       F      G
               +--------+--------+--------+--------+--------+-----+--------+
         Total |   2777 |   2727 |     50 |      0 |   2338 |   3 |  925.7 |
       Dungeon |   2777 |   2727 |     50 |      0 |   2338 |   3 |  925.7 |
               +--------+--------+--------+--------+--------+-----+--------+

Top non-repeatable levels by time:
     D:2: 1372 daAuts
     D:1: 1034 daAuts
     D:3: 371 daAuts
